 Dungeon Crawl Stone Soup version 0.31.0-11-ge490571c62 (webtiles) character file.

Game seed: 17773449711974810560

91 qw the Shooter (level 4, -1/22 HPs)
             Began as a Spriggan Hunter on Feb 3, 2024.
             Incinerated by a bombardier beetle (6 damage)
             ... with a burning spray
             ... on level 3 of the Dungeon.
             The game lasted 00:00:32 (1365 turns).

qw the Shooter (Spriggan Hunter)                    Turns: 1365, Time: 00:00:33

Health: -1/22      AC:  3    Str:  7    XL:     4   Next: 34%
Magic:  5/5        EV: 20    Int: 10    God:
Gold:   12         SH:  0    Dex: 20    Spells: 3/3 levels left

rFire   . . .        a - +0 shortbow
rCold   . . .        (shield currently unavailable)
rNeg    . . .        c - +0 robe
rPois   .            (helmet restricted)
rElec   .            f - +0 cloak
rCorr   .            (gloves unavailable)
SInv    +            (boots unavailable)
Will    .....        (no amulet)
Stlth   +            (no ring)
HPRegen 0.23/turn    (no ring)
MPRegen 0.09/turn

%: no passive effects
@: on fire, about to teleport, glowing, very quick
A: very small, no large weapons, unfitting armour, see invisible, speed 3
a: no special abilities


You were on level 3 of the Dungeon.
You visited 1 branch of the dungeon, and saw 3 of its levels.

You collected 82 gold pieces.
You spent 70 gold pieces at shops.


Innate Abilities, Weirdness & Mutations

You are very small and have problems with some larger weapons.
You are too small for most types of armour.
You have supernaturally acute eyesight. (SInv)
You cover ground extremely quickly. (Speed+++)


   Skills:
 - Level 1.5 Fighting
 - Level 5.0 Ranged Weapons
 + Level 4.8 Dodging
 - Level 1.5 Stealth


You had 3 spell levels left.
You didn't know any spells.
Your spell library was empty.

Inventory:

Hand Weapons
 a - a +0 shortbow (weapon)
Armour
 c - a +0 robe (worn)
 f - a +0 cloak (worn)
 m - a +2 hat
Jewellery
 e - a ring of fire
 l - a ring of poison resistance
Wands
 h - a wand of roots (8)
Scrolls
 b - a scroll of teleportation
 j - 2 scrolls of identify
 k - a scroll of fog {unknown}
Potions
 d - a potion of enlightenment
 g - a potion of might
 i - a potion of heal wounds {unknown}

Dungeon Overview and Level Annotations

Branches:
Dungeon (3/15)

Altars:

Shops:
D:1 ?   D:3 ?


Message History

The ribbon worm is heavily wounded.
You shoot an arrow. The arrow hits the ribbon worm!
The ribbon worm is severely wounded.
The ribbon worm expels a string of sticky webbing.
The stream of webbing misses you.
You shoot an arrow.
The arrow hits the ribbon worm but does no damage.
The ribbon worm is severely wounded.
You shoot an arrow.
The arrow hits the ribbon worm but does no damage.
The ribbon worm is severely wounded.
You shoot an arrow.
The arrow hits the ribbon worm but does no damage.
The ribbon worm is heavily wounded.
You shoot an arrow. The arrow hits the ribbon worm!
You kill the ribbon worm!
An orc and a bombardier beetle come into view.
You shoot an arrow. The arrow hits the bombardier beetle.
The bombardier beetle is lightly wounded.
A kobold comes into view. It is wielding a +0 dagger.
You shoot an arrow. The arrow closely misses the kobold.
You shoot an arrow. The arrow hits the kobold.
The kobold is severely wounded.
The bombardier beetle sprays incendiary fluid at you.
The burning spray hits you.
You are covered in liquid fire!
You shoot an arrow. The arrow hits the kobold!
You kill the kobold!
The liquid fire burns you!
You shoot an arrow.
The arrow hits the bombardier beetle but does no damage.
The liquid fire burns you!
You shoot an arrow.
The arrow hits the bombardier beetle but does no damage.
The liquid fire burns you!
1365 ||| READING 2 scrolls of teleportation.
As you read the scroll of teleportation, it crumbles to dust.
You feel strangely unstable. The liquid fire burns you!
You die...

....% #.....# . ..#
#.....# ....# #..####
.#.... #..# ......
###.########### #B...#
....%..)......###.$..#
###.####...##.##....#
#.## #...##...@)..#
###..###...#..##%.?#.#
.###..##...#..##...#
.# ##..###....##.###
.# ##.%....>###.. .#
#........###.. .#
#..........#.#. .#
#..........#.## .#
#..........#


You could see a bombardier beetle.

Vanquished Creatures
  2 adders (D:2)
  A dart slug (D:1)
  3 ribbon worms
  An orc (D:3)
  2 ball pythons (D:2)
  8 bats
  7 endoplasms
  4 giant cockroaches
  3 goblins
  5 hobgoblins
  3 jackals (D:2)
  7 kobolds
  2 quokkas
  5 frilled lizards
  6 rats
59 creatures vanquished.

Notes
Turn   | Place    | Note
-------+----------+-------------------------------------------
     0 | D:1      | qw the Spriggan Hunter began the quest for the Orb.
     0 | D:1      | Reached XP level 1. HP: 10/10 MP: 2/2
     0 | D:1      | 0 ||| qw: Version: 0.3-a-155-g5e7d8dd
     0 | D:1      | 0 ||| qw: Game counter: 3454
     0 | D:1      | 0 ||| qw: Melee chars always use a shield: true
     0 | D:1      | 0 ||| qw: God list: Okawaru
     0 | D:1      | 0 ||| qw: Allow faded altars: false
     0 | D:1      | 0 ||| qw: Do Orc after clearing Dungeon:15 true
     0 | D:1      | 0 ||| qw: Do second Lair branch before Depths: true
     0 | D:1      | 0 ||| qw: Lair rune preference: random
     0 | D:1      | 0 ||| qw: Goals: Normal
     0 | D:1      | 0 ||| PLANNING D:1-11
    51 | D:1      | Reached skill level 3 in Dodging
   180 | D:1      | Reached XP level 2. HP: 14/14 MP: 3/3
   352 | D:1      | Found The Oracle's Delphic Readings.
   356 | D:1      | 356 ||| SHOPLISTING 3 scrolls of teleportation (117 gold,
                  | have 5).
   356 | D:1      | 356 ||| SHOPLISTING scroll of teleportation (39 gold, have
                  | 5).
   408 | D:1      | Reached XP level 3. HP: 16/18 MP: 4/4
   447 | D:1      | 447 ||| READING scroll labelled CAAPAXZ SIMU.
   448 | D:1      | 448 ||| DRINKING 2 sedimented yellow potions.
   449 | D:1      | 449 ||| DRINKING 2 cyan potions.
   450 | D:1      | 450 ||| DRINKING 2 viscous emerald potions.
   555 | D:1      | 555 ||| DROPPING scroll of butterflies.
   556 | D:1      | 556 ||| DROPPING potion of berserk rage.
   746 | D:2      | Reached skill level 5 in Ranged Weapons
   777 | D:2      | Reached XP level 4. HP: 22/22 MP: 5/5
  1086 | D:2      | 1086 ||| UPGRADING to +0 cloak.
  1091 | D:2      | 1091 ||| READING 2 scrolls labelled WUERAR QOIGYNI.
  1091 | D:2      | 1091 ||| IDENTIFYING 2 orange potions
  1092 | D:2      | 1092 ||| READING scroll of identify.
  1092 | D:2      | 1092 ||| IDENTIFYING scroll labelled ZUURPH WADA
  1093 | D:2      | 1093 ||| READING scroll labelled OTUCWYLUCO.
  1094 | D:2      | 1094 ||| READING scroll labelled BUOPHA LIZOUD.
  1095 | D:2      | 1095 ||| DROPPING scroll of noise.
  1097 | D:2      | 1097 ||| Stepping ~*~*~tactically~*~*~ (cloud).
  1098 | D:2      | 1098 ||| DRINKING 2 potions of curing.
  1098 | D:2      | 1098 ||| (to cure poison)
  1110 | D:2      | 1110 ||| Stepping ~*~*~tactically~*~*~ (cloud).
  1111 | D:2      | 1111 ||| DRINKING potion of curing.
  1111 | D:2      | 1111 ||| (to cure poison)
  1166 | D:3      | Identified the +4 spear of Eternal Vigilance {spect, Dex+4}
  1320 | D:3      | Found Veponeex's Magic Scroll Emporium.
  1340 | D:3      | 1340 ||| SHOPLISTING scroll of brand weapon (133 gold, have
                  | 82).
  1340 | D:3      | 1340 ||| BUYING scroll of identify (28 gold).
  1340 | D:3      | Bought a scroll of identify for 28 gold pieces
  1340 | D:3      | 1340 ||| BUYING scroll of teleportation (42 gold).
  1340 | D:3      | Bought a scroll of teleportation for 42 gold pieces
  1340 | D:3      | 1340 ||| SHOPLISTING scroll of teleportation (42 gold, have
                  | 12).
  1364 | D:3      | HP: 4/22 [burnt (6)]
  1365 | D:3      | 1365 ||| READING 2 scrolls of teleportation.
  1365 | D:3      | Incinerated by a bombardier beetle

Levels and vault maps discovered:
D:1:      psy_arrival_spokes, layout_basic, nicolae_nh_oracle_at_delphi
D:2:      layout_basic, kennysheep_decorative_pillar
D:3:      layout_basic, serial_shops, shop, minmay_pentomino_pile

Skill      XL: |  1  2  3 |
---------------+----------+-----
Dodging        | 3 4 |  4.8
Ranged Weapons | 5 |  5.0
Fighting       | |  1.5
Stealth        | |  1.5

Action                     |  1- 3 |  4- 6 || total
---------------------------+-------+-------++-------
   Fire: Shortbow          |   120 |    44 ||   164
    Use: Potion            |     3 |     2 ||     5
         Scroll            |     1 |     5 ||     6
 Armour: Robe              |    17 |     2 ||    19
  Dodge: Dodged            |    54 |     3 ||    57

Table legend:
 A = Non-vault XP
 B = Vault XP
 C = Vault XP percentage of total XP
 D = Non-vault monster count
 E = Vault monster count
 F = Vault count percentage of total count
                 A         B        C        D         E       F
            +---------+---------+-------+---------+---------+-------
      Total |     127 |       4 |   3.1 |      56 |       3 |   5.1
            +---------+---------+-------+---------+---------+-------
        D:1 |      39 |       3 |   7.1 |      21 |       2 |   8.7
        D:2 |      70 |       0 |   0.0 |      26 |       0 |   0.0
        D:3 |      18 |       1 |   5.3 |       9 |       1 |  10.0
            +---------+---------+-------+---------+---------+-------
